 Dungeon Crawl Stone Soup version 0.31.0-12-g77e489cdc1 (webtiles) character file.

Game seed: 15649754048295395358

167 Doomgape the Trooper (level 5, -2/34 HPs)
             Began as a Gargoyle Fighter on Feb 21, 2024.
             Slain by a gnoll
             ... wielding a +0 halberd
              (6 damage)
             ... on level 3 of the Dungeon.
             The game lasted 00:03:43 (1334 turns).

Doomgape the Trooper (Gargoyle Fighter)             Turns: 1334, Time: 00:03:43

Health: -2/34      AC: 16    Str: 18 (21) XL:     5   Next: 48%
Magic:  5/5        EV:  5    Int:  8 (9)  God:
Gold:   54         SH:  4    Dex:  6 (9)  Spells: 4/4 levels left

rFire   . . .        a - +0 flail
rCold   . . .        c - +0 buckler
rNeg    + . .        d - +0 plate armour
rPois   ∞            (no helmet)
rElec   +            (no cloak)
rCorr   .            (no gloves)
SInv    .            (no boots)
Will    .....        (no amulet) Stlth
                     (no ring)
HPRegen 0.25/turn    (no ring)
MPRegen 0.09/turn

%: clarity
@: no status effects
A: sickness immunity, AC +4, negative energy resistance 1, electricity
resistance, torment resistance 1, petrification resistance, clarity, mutation
resistance 1
a: no special abilities


You were on level 3 of the Dungeon.
You visited 1 branch of the dungeon, and saw 3 of its levels.

You collected 54 gold pieces.

Inventory:

Hand Weapons
 a - a +0 flail (weapon)
Armour
 c - a +0 buckler (worn)
 d - a +0 plate armour (worn)
Scrolls
 f - a scroll of enchant armour {unknown}
 h - a scroll of torment {unknown}


   Skills:
 + Level 4.7 Fighting
 + Level 3.4 Maces & Flails
 + Level 4.6 Armour
 - Level 3.2 Shields


You had 4 spell levels left.
You didn't know any spells.
Your spell library contained the following spells:

 Spells                   Type           Power      Damage    Failure   Level
 Ensorcelled Hibernation  Hex/Ice        0%         N/A       100%        2
 Jinxbite                 Hex            0%         N/A       100%        2
 Passwall                 Erth           0%         N/A       100%        3
 Swiftness                Air            0%         N/A       100%        3
 Yara's Violent Unravell  Hex/Alch       0%         3d3       100%        5
 Enfeeble                 Hex            0%         N/A       100%        7


Dungeon Overview and Level Annotations

Branches:
Dungeon (3/15)

Altars:


Innate Abilities, Weirdness & Mutations

You are immune to sickness and miasma.
Your stone body is resilient. (AC +4)
You are immune to poison.
You resist negative energy. (rN+)
You are resistant to electric shocks. (rElec)
You are resistant to unholy torment.
You are immune to petrification.
You possess an exceptional clarity of mind.
You are somewhat resistant to further mutation.


Message History

The gnoll hits you but does no damage. The gnoll closely misses you.
Things that are here:
a +0 flail; a gnoll corpse Unknown command.
The gnoll hits you but does no damage.
You aren't carrying any items that you can evoke.
It was a potion of mutation.
You feel extremely strange.
You feel genetically stable.
Your thoughts seem clearer.
Unknown command.
It was a potion of degeneration.
There was something very wrong with that liquid.
You feel weakened.
You feel dopey.
You feel clumsy. The gnoll attacks as it pursues you!
The gnoll hits you from afar with a +0 spear.
You block the gnoll's attack.
You barely miss the gnoll. The gnoll hits you but does no damage.
The gnoll hits you from afar with a +0 halberd.
You hit the gnoll.
The gnoll is moderately wounded.
The gnoll hits you but does no damage. The gnoll barely misses you.
You hit the gnoll.
The gnoll is moderately wounded.
The gnoll closely misses you.
The gnoll hits you from afar with a +0 halberd.
The gnoll barely misses you.
You hit the gnoll.
The gnoll is heavily wounded.
The gnoll hits you but does no damage. The gnoll completely misses you.
You block the gnoll's attack.
You completely miss the gnoll.
The gnoll is heavily wounded.
The gnoll hits you with a +0 spear.
* * * LOW HITPOINT WARNING * * *
The gnoll hits you from afar with a +0 halberd.
* * * LOW HITPOINT WARNING * * *
You hit the gnoll.
The gnoll is heavily wounded.
The gnoll hits you but does no damage.
The gnoll hits you from afar with a +0 halberd.
You die...

##################
#........@ggg....#
#.##############.# #.#
#.# #.# #.# #.# #g# #
#####.# #.# . #.....# #g#
.. #.############### #g#
.. #.#
#..........####.######...


You could see 3 gnolls.

Vanquished Creatures
  A black bear (D:2)
  An adder (D:3)
  A gnoll (D:3)
  3 dart slugs
  A ribbon worm (D:2)
  An orc (D:3)
  7 bats
  2 endoplasms
  2 giant cockroaches (D:1)
  4 goblins
  8 hobgoblins
  4 jackals
  2 ball pythons
  2 frilled lizards (D:1)
  4 kobolds
  5 rats
48 creatures vanquished.

Notes
Turn   | Place    | Note
-------+----------+-------------------------------------------
     0 | D:1      | Doomgape the Gargoyle Fighter began the quest for the Orb.
     0 | D:1      | Reached XP level 1. HP: 14/14 MP: 1/1
    88 | D:1      | Reached XP level 2. HP: 19/19 MP: 2/2
   330 | D:1      | Reached XP level 3. HP: 22/24 MP: 3/3
   855 | D:2      | Found a faded altar of an unknown god.
   867 | D:2      | Noticed a black bear
   876 | D:2      | Killed a black bear
   877 | D:2      | Reached XP level 4. HP: 21/30 MP: 4/4
   877 | D:2      | Reached XP level 5. HP: 24/34 MP: 5/5
  1324 | D:3      | Gained mutation: You are somewhat resistant to further
                  | mutation. [potion of mutation]
  1324 | D:3      | Gained mutation: You possess an exceptional clarity of
                  | mind. [potion of mutation]
  1334 | D:3      | Slain by a gnoll

Illustrated notes

Levels and vault maps discovered:
D:1:      hellmonk_arrival_library, layout_basic
D:2:      layout_basic, nicolae_ecumenical_oubliette
D:3:      layout_basic, st_stairs_5, serial_bayou_ford_a, minmay_diced_spiral

Skill      XL: |  1  2  3 |
---------------+----------+-----
Fighting       | 4 |  4.7
Maces & Flails | 3 |  3.4
Armour         | 4 |  4.6
Shields        | |  3.2

Action                     |  1- 3 |  4- 6 || total
---------------------------+-------+-------++-------
  Melee: Flail             |    97 |    55 ||   152
    Use: Potion            |     1 |     2 ||     3
         Scroll            |     1 |       ||     1
 Armour: Scale mail        |    80 |     5 ||    85
         Plate armour      |       |    71 ||    71
  Dodge: Dodged            |    55 |    22 ||    77
  Block: Buckler           |    20 |    13 ||    33
